 Dungeon Crawl Stone Soup version 0.31-a0-1323-g0d4b2e2 (webtiles) character file.

Game seed: 13961248920090166378

19 Meow the Conjurer (level 2, -2/22 HPs)
             Began as a Naga Conjurer on Dec 20, 2023.
             Slain by a gnoll
             ... wielding a +0 flail
              (5 damage)
             ... on level 2 of the Dungeon.
             The game lasted 00:01:53 (1043 turns).

Meow the Conjurer (Naga Conjurer)                   Turns: 1043, Time: 00:01:53

Health: -2/22      AC:  1    Str:  9    XL:     2   Next: 75%
Magic:  5/5        EV:  9    Int: 18    God:
Gold:   12         SH:  0    Dex:  9    Spells: 5/6 levels left

rFire   . . .        a - +0 rapier
rCold   . . .        (no shield)
rNeg    . . .        e - +0 robe
rPois   +            (no helmet)
rElec   .            (no cloak)
rCorr   .            (no gloves)
SInv    +            (no barding)
Will    .....        (no amulet)
Stlth   ++           (no ring)
HPRegen 0.23/turn    (no ring)
MPRegen 0.09/turn

%: no passive effects
@: very slow
A: AC +0, large, see invisible, deformed body, poison resistance, slowness 2,
spit poison 1, naga tail 1
a: Spit Poison


You were on level 2 of the Dungeon.
You visited 1 branch of the dungeon, and saw 2 of its levels.

You collected 12 gold pieces.

Inventory:

Hand Weapons
 a - a +0 rapier (weapon)
Missiles
 g - 4 stones
Armour
 e - a +0 robe (worn)
Scrolls
 c - a scroll of teleportation
 f - a scroll of identify {unknown}
Potions
 b - a potion of magic
 d - a potion of brilliance {unknown}
 h - a potion of enlightenment {unknown}
 i - a potion of ambrosia {unknown}


   Skills:
 - Level 1.5 Dodging
 - Level 3.0 Stealth
 + Level 2.5 Spellcasting
 + Level 4.4 Conjurations


You had 5 spell levels left.
You knew the following spells:

 Your Spells              Type           Power      Damage    Failure   Level
a - Magic Dart            Conj           72%        1d6       2%          1

Your spell library contained the following spells:

 Spells                   Type           Power      Damage    Failure   Level
 Searing Ray              Conj           36%        2d5       4%          2
 Fulminant Prism          Conj/Alch      5%         3d7       56%         4
 Iskenderun's Mystic Bla  Conj/Tloc      10%        2d4       56%         4


Dungeon Overview and Level Annotations

Branches:
Dungeon (2/15)

Altars:


Innate Abilities, Weirdness & Mutations

Your serpentine skin is tough. (AC +0)
You have supernaturally acute eyesight. (SInv)
Armour fits poorly on your strangely shaped body.
Your system is resistant to poisons. (rPois)
You cover ground very slowly.
You can spit poison.
You have a snake-like lower body.


Message History

There is a large open door here.
There is a large open door here.
You open the door.
There is an open door here.
There is a stone staircase leading down here.
Things that are here:
a +0 club; a goblin skeleton
There is an open door here.
Done exploring.
Done exploring.
As you read the scroll labelled RINYCV UNGIRPH, it crumbles to dust.
You feel strangely unstable.
It was a scroll of teleportation.
Your surroundings suddenly seem different.
There is a stone staircase leading down here.
Okay, then.
You climb downwards.
There is a stone staircase leading up here.
Found a spear.
Aiming: Spit Poison (2% risk of failure)
Press: ? - help, Shift-Dir - straight line, f - frilled lizard
Aim: a frilled lizard (asleep, 100% to hit)
The splash of poison hits the frilled lizard.
The frilled lizard is poisoned.
You kill the frilled lizard!
Unknown command.
There is a stone staircase leading up here.
You have got your breath back.
A gnoll comes into view. It is wielding a +0 flail.
The gnoll shouts!
You hear a shout!
A gnoll comes into view. It is wielding a +0 whip.
You hear a shout!
Okay, then.
The gnoll hits you with a +0 flail! The gnoll closely misses you.
A gnoll comes into view. It is wielding a +0 whip.
The gnoll hits you with a +0 flail!
* * * LOW HITPOINT WARNING * * *
A gnoll comes into view. It is wielding a +0 whip.
The gnoll shouts!
You hear a shout!
The gnoll hits you with a +0 flail.
You die...

########################
........................
#######.########.##.....
#.# #.# ..### #.#
#.##.#### #.# #...g....
#.# #g.#.#### #######.#
#@.# # #.......#
#...g.... #.#######
##.#..... #.### .#####.
....# .. ....# .## ....#
.# ....# .. ....#


You could see 3 gnolls.

Vanquished Creatures
  A dart slug (D:1)
  3 bats (D:1)
  2 endoplasms (D:1)
  A goblin (D:1)
  2 hobgoblins (D:1)
  3 ball pythons (D:1)
  A frilled lizard (D:2)
  6 rats (D:1)
19 creatures vanquished.

Notes
Turn   | Place    | Note
-------+----------+-------------------------------------------
     0 | D:1      | Meow the Naga Conjurer began the quest for the Orb.
     0 | D:1      | Reached XP level 1. HP: 15/15 MP: 3/3
   199 | D:1      | Reached XP level 2. HP: 22/22 MP: 1/5
  1043 | D:2      | Slain by a gnoll

Illustrated notes

Levels and vault maps discovered:
D:1:      minmay_arrival_four_loops, layout_rooms, grunt_decor_arrowhead
D:2:      layout_loops_ring, uniq_robin, uniq_natasha

Action                     || total
---------------------------++-------
   Cast: Magic Dart        ||    32
Ability: Spit Poison       ||     5
    Use: Scroll            ||     1
 Armour: Robe              ||     5
  Dodge: Dodged            ||     2

Table legend: (Time is in decaauts)
 A = Elapsed time spent in this place.
 B = Non-inter-level travel time spent in this place.
 C = Inter-level travel time spent in this place.
 D = Time resting spent in this place.
 E = Time spent auto-exploring this place.
 F = Levels seen in this place.
 G = Mean time per level.
                   A        B        C        D        E       F      G
               +--------+--------+--------+--------+--------+-----+--------+
         Total |   1295 |   1270 |     25 |    347 |    805 |   2 |  647.5 |
       Dungeon |   1295 |   1270 |     25 |    347 |    805 |   2 |  647.5 |
               +--------+--------+--------+--------+--------+-----+--------+

Top non-repeatable levels by time:
     D:1: 1246 daAuts
     D:2: 49 daAuts
